 Dungeon Crawl Stone Soup version 0.20-a0-1089-g3fde505 (webtiles) character file.

113 M4edhros the Poker (level 5, -10/32 HPs)
             Began as a Kobold Chaos Knight on May 4, 2017.
             Mangled by a shadow (25 damage)
             ... on level 2 of the Dungeon.
             The game lasted 00:03:47 (10736 turns).

M4edhros the Poker (Kobold Chaos Knight)           Turns: 10736, Time: 00:03:48

Health: -10/32     AC:  9    Str:  9    XL:     5   Next: 17%
Magic:  5/5        EV: 14    Int: 16    God:    Xom [.*....]
Gold:   157        SH:  0    Dex: 16    Spells: 4/4 levels left

rFire    + + .     SeeInvis .   a - +1 spear (chaos)
rCold    . . .     Gourm    .   (shield restricted)
rNeg     . . .     Faith    .   b - +2 leather armour
rPois    .         Spirit   .   (no helmet)
rElec    .         Reflect  .   o - +0 cloak
rCorr    .         Harm     .   p - +0 pair of gloves
MR       .....                  (no boots)
Stlth    +.........             (no amulet)
Regen    0.1/turn               (no ring)
MPRegen  0.1/turn               (no ring)

@: brilliant
A: molten scales 1, carnivore 3, dopey 1, fire resistance 2, high mp 1
a: Renounce Religion


You were on level 2 of the Dungeon.
You worshipped Xom.
You were a plaything of Xom.
You were completely stuffed.

You visited 1 branch of the dungeon, and saw 2 of its levels.

You collected 157 gold pieces.

Inventory:

Hand Weapons
 a - a +1 spear of chaos (weapon)
 l - a +2 short sword of draining
Armour
 b - a +2 leather armour (worn)
 o - a +0 cloak (worn)
 p - a +0 pair of gloves (worn)
Wands
 t - a wand of iceblast (5/15)
Scrolls
 g - 5 scrolls of identify {unknown}
 q - a scroll of teleportation
 r - a scroll of recharging {unknown}
Potions
 d - a potion of brilliance
 e - a potion of haste {unknown}
 h - a potion of lignification {unknown}
 k - a potion of curing {unknown}
 m - a potion of magic {unknown}
 s - a potion of cancellation {unknown}
Comestibles
 c - a meat ration
 f - a chunk of flesh


   Skills:
 - Level 3.2 Fighting
 + Level 4.5 Polearms
 - Level 0.7 Armour
 - Level 2.4 Dodging


You had 4 spell levels left.
You didn't know any spells.

Dungeon Overview and Level Annotations

Branches:
Dungeon (2/15)

Altars:


Innate Abilities, Weirdness & Mutations

You are small and have problems with some larger weapons.
You are carnivorous and can eat meat at any time.
You are partially covered in molten scales. (AC +2)
You are dopey. (Int -2)
Your flesh is very heat resistant. (rF++)
You have an increased reservoir of magic. (+10% MP)


Message History

The shadow strikes at you from the darkness!
Ouch! That really hurt!
Reactivating autopickup.
You hit the shadow.
The shadow convulses.
The shadow is lightly damaged.
The shadow hits you.
You hit the shadow.
The shadow is lightly damaged.
The shadow completely misses you.
The shadow slips into darkness.
The shadow flickers and vanishes!
Deactivating autopickup; reactivate with Ctrl-A.
There is a stone staircase leading down here.
It was a potion of brilliance.
You feel clever all of a sudden.
Xom is mildly amused.
The shadow strikes at you from the darkness!
Ouch! That really hurt!
You die...
Xom howls with laughter!

................######.#.#####
..####################.#.#
..#######..............#.#
..##........##########.#.#
..##........# #...#.#
..##.....##.# #.#.#.####
..##.....##.# #####.#......#
..##.....##.####......##.##.#
...............{@......#<#..#
####....)##.####.......#....#
# #.....##.# #.......#.#..# ##
#.....##.# #......##.#..# .#
###.#..#.# #......##.#..# .##
#.....#.# #......##.#..#
..###..#.##.# #########.#..#
.......#....# #.#..#####
#.####.####### #.#..##...


There were no monsters in sight!

Vanquished Creatures
  4 adders (D:2)
  An ooze (D:2)
  5 dart slugs
  2 giant cockroaches
  9 goblins
  9 hobgoblins
  A jackal (D:2)
  6 kobolds
  8 bats
  7 frilled lizards
  14 rats
  A fire vortex (D:1)
67 creatures vanquished.

Notes
Turn   | Place    | Note
-------+----------+-------------------------------------------
     0 | D:1      | M4edhros the Kobold Chaos Knight began the quest for the Orb.
     0 | D:1      | Reached XP level 1. HP: 14/14 MP: 1/1
    17 | D:1      | XOM: silly message
    32 | D:1      | XOM: harmless Tloc miscast
   162 | D:1      | XOM: divination: magic mapping
   166 | D:1      | Reached XP level 2. HP: 19/19 MP: 2/2
   378 | D:1      | Reached skill level 3 in Polearms
   498 | D:1      | XOM: divination: detect items
   560 | D:1      | XOM is BORED!
   560 | D:1      | XOM: mild Hex miscast
   568 | D:1      | Reached XP level 3. HP: 23/23 MP: 3/3
   571 | D:1      | XOM: give mutations
   571 | D:1      | Gained mutation: Your flesh is heat resistant. (rF+) [Xom's grace]
   571 | D:1      | Gained mutation: You are partially covered in molten scales. (AC +2) [Xom's grace]
   571 | D:1      | Gained mutation: Your flesh is very heat resistant. (rF++) [Xom's grace]
   571 | D:1      | Gained mutation: You have an increased reservoir of magic. (+10% MP) [Xom's grace]
   577 | D:1      | XOM: harmless Necr miscast
   976 | D:1      | XOM: harmless Tloc miscast
  1007 | D:1      | XOM: harmless Air miscast
  1100 | D:1      | XOM: harmless Conj miscast
  1361 | D:1      | XOM: harmless Tmut miscast
  2250 | D:1      | XOM: mild Fire miscast
  2294 | D:1      | XOM: mild Fire miscast
  2524 | D:1      | XOM: medium Tloc miscast
  2532 | D:1      | XOM: mild Tloc miscast
  2533 | D:1      | Noticed a spatial vortex
  3151 | D:1      | XOM: medium Summ miscast
  3152 | D:1      | Noticed a small abomination
  3442 | D:1      | XOM: stat loss: -1 Dex (14/15)
  3613 | D:1      | XOM: divination: magic mapping
  3950 | D:1      | XOM: cloud trail
  4086 | D:1      | XOM: cloud trail
  4341 | D:1      | XOM is BORED!
  4341 | D:1      | XOM: noise
  4565 | D:1      | XOM is BORED!
  4565 | D:1      | XOM: noise
  4649 | D:1      | XOM: harmless Ice miscast
  4943 | D:1      | XOM: harmless Air miscast
  4995 | D:1      | XOM: divination: detect creatures
  5442 | D:1      | XOM is BORED!
  5442 | D:1      | XOM: noise
  5496 | D:1      | XOM: harmless Air miscast
  5514 | D:1      | XOM: harmless Tmut miscast
  5710 | D:1      | XOM: harmless Chrm miscast
  5921 | D:1      | XOM: mild Erth miscast
  5929 | D:1      | XOM: scenery: 1 doors open, 3 doors close
  6365 | D:1      | XOM: summons 1 hostile demon
  6424 | D:1      | Noticed a wolf spider
  6473 | D:2      | Reached XP level 4. HP: 28/28 MP: 4/4
  6891 | D:2      | XOM: give mutation
  6891 | D:2      | Gained mutation: You are dopey. (Int -2) [Xom's mischief]
  7166 | D:2      | XOM: 2-stop teleportation journey
  7174 | D:2      | Reached skill level 4 in Polearms
  7286 | D:2      | XOM: harmless Necr miscast
  7609 | D:2      | XOM is BORED!
  7609 | D:2      | XOM: medium Hex miscast
  8444 | D:2      | XOM: scenery: 1 doors close
  8712 | D:2      | XOM: god gift: smoky coppery potion {god gift}
  9238 | D:2      | XOM: mild Tmut miscast
  9454 | D:2      | XOM: harmless Tmut miscast
  9554 | D:2      | XOM: harmless Chrm miscast
  9700 | D:2      | XOM: divination: detect items
 10093 | D:2      | Noticed a shadow
 10648 | D:2      | Reached XP level 5. HP: 30/32 MP: 5/5
 10721 | D:2      | Noticed a shadow
 10736 | D:2      | Mangled by a shadow

Vault maps used:
D:1:      minmay_arrival_up_and_down
D:2:      nicolae_overflow_hidden_temple, kennysheep_slug_shrine

Skill      XL: |  1  2  3  4 |
---------------+-------------+-----
Polearms       | 3 4 |  4.5
Fighting       | |  3.2
Armour         | |  0.7
Dodging        | |  2.4

Action                   |  1- 3 |  4- 6 || total
-------------------------+-------+-------++-------
Melee: Spear             |   138 |   101 ||   239
  Use: Scroll            |       |     5 ||     5
       Potion            |       |     2 ||     2
 Stab: Paralysed         |     2 |       ||     2
       Distracted        |     2 |       ||     2
       Sleeping          |     1 |       ||     1
       Petrified         |     2 |       ||     2
       Petrifying        |     1 |       ||     1
  Eat: Chunk             |    18 |    20 ||    38
Armor: Leather armour    |    23 |    28 ||    51
Dodge: Dodged            |    55 |    60 ||   115
